 Dungeon Crawl Stone Soup version 0.29-a0-384-g6960b1960d (webtiles) character file.

Game seed: 17394378584919451605

1315 gimp the Basher (level 8, -8/62 HPs)
             Began as a Formicid Wanderer on May 7, 2022.
             Was an Initiate of Gozag.
             Mangled by an orc warrior
             ... wielding a +0 halberd
              (15 damage)
             ... on level 6 of the Dungeon.
             The game lasted 00:12:27 (7717 turns).

gimp the Basher (Formicid Wanderer)                 Turns: 7717, Time: 00:12:28

Health: -8/62      AC:  8    Str: 19    XL:     8   Next: 89%
Magic:  20/20      EV: 10    Int: 12    God:    Gozag
Gold:   421        SH:  0    Dex: 16    Spells: 10/11 levels left

rFire   . . .      SeeInvis +   b - +0 flail
rCold   . . .      Faith    .   (no shield)
rNeg    . . .      Spirit   .   g - +0 ring mail
rPois   .          Reflect  .   (helmet unavailable)
rElec   .          Harm     .   q - +2 cloak
rCorr   .          Rampage  .   (no gloves)
Will    .....                   (no boots)
Stlth   +.........              (no amulet)
HPRegen 0.20/turn               p - +6 ring of dexterity
MPRegen 0.17/turn               d - ring of magical power

@: mighty
A: permanent stasis, dig shafts and tunnels, antennae 3, four strong arms
a: Dig, Shaft Self, Renounce Religion, Potion Petition, Call Merchant, Bribe
Branch


You were on level 6 of the Dungeon.
You worshipped Gozag.
Gozag was aware of your devotion.
You visited 2 branches of the dungeon, and saw 7 of its levels.
You also visited: Sewer.

You collected 522 gold pieces.
You paid 101 gold pieces to Gozag.

Inventory:

Hand Weapons
 a - a +0 shortbow
 b - a +0 flail (weapon)
Missiles
 t - 3 throwing nets
Armour
 g - a +0 ring mail (worn)
 n - a +0 chain mail
 q - a +2 cloak (worn)
 w - a +2 kite shield
Jewellery
 d - a ring of magical power (right hand)
 p - a +6 ring of dexterity (left hand)
Wands
 m - a wand of digging (4)
 u - a wand of flame (13)
 x - a wand of iceblast (6)
Scrolls
 f - 2 scrolls of identify
 h - a scroll of fog
 i - 3 scrolls of enchant armour
 j - a scroll of vulnerability
 l - 2 scrolls of brand weapon
 r - 2 scrolls of immolation
Potions
 c - a potion of curing
 k - 2 potions of cancellation
 z - 2 potions of invisibility
Miscellaneous
 e - a piece from Xom's chessboard (12/15)


   Skills:
 - Level 5.0 Fighting
 * Level 8.5 Maces & Flails
 - Level 2.4 Bows
 + Level 3.0 Shields
 - Level 2.1 Spellcasting
 - Level 3.6 Translocations
 - Level 1.1 Evocations


You had 10 spell levels left.
You knew the following spells:

 Your Spells              Type           Power      Damage    Failure   Level
a - Apportation           Tloc           18%        N/A       11%         1

Your spell library contained the following spells:

 Spells                   Type           Power      Damage    Failure   Level
 Lesser Beckoning         Tloc           9%         N/A       32%         3
 Animate Skeleton         Necr           2%         N/A       43%         1
 Magic Dart               Conj           4%         1d3       43%         1
 Pain                     Necr           4%         1d4       43%         1
 Call Imp                 Summ           1%         N/A       56%         2
 Dazzling Flash           Conj/Hex       2%         N/A       80%         3
 Mephitic Cloud           Conj/Pois/Air  1%         N/A       80%         3
 Vampiric Draining        Necr           1%         2d6       80%         3
 Iskenderun's Mystic Bla  Conj/Tloc      5%         2d3       91%         4
 Manifold Assault         Tloc           9%         N/A       96%         5
 Olgreb's Toxic Radiance  Pois           1%         N/A       99%         4
 Agony                    Necr           1%         N/A       100%        5
 Silence                  Hex/Air        0%         N/A       100%        5
 Ozocubu's Refrigeration  Ice            0%         4d5       100%        7
 Storm Form               Tmut/Air       0%         N/A       100%        7
 Ignition                 Fire           0%         3d3       100%        8
 Blink                    Tloc           Unusable   N/A       N/A         2

Dungeon Overview and Level Annotations

Branches:
Dungeon (6/15)             Temple (1/1) D:5           Sewer (visited)

Altars:
Elyvilon
Gozag
Trog
Uskayaw
Yredelemnul
Zin

Annotations:
D:4 1 runed translucent door, dolemite99's ghost, amateur GnCK


Innate Abilities, Weirdness & Mutations

You cannot be hasted, slowed, berserked, paralysed or teleported.
You can dig through walls and to a lower floor.
You have a pair of large antennae on your head. (SInv)
Your four strong arms can wield two-handed weapons with a shield.


Message History

You closely miss the orc warrior.
The orc warrior is lightly wounded.
The orc warrior barely misses you.
You closely miss the orc warrior.
The orc warrior is lightly wounded.
The orc warrior barely misses you.
You barely miss the orc warrior.
The orc warrior is lightly wounded.
The orc warrior hits you but does no damage.
You hit the orc warrior but do no damage.
The orc warrior is lightly wounded.
The orc warrior closely misses you.
You hit the orc warrior but do no damage.
The orc warrior is lightly wounded.
The orc warrior misses you.
You closely miss the orc warrior.
The orc warrior is lightly wounded.
The orc warrior hits you but does no damage.
You hit the orc warrior but do no damage.
The orc warrior is lightly wounded.
The orc warrior hits you with a +0 halberd!
You take 17 damage, and have 27/62 hp.
MASSIVE DAMAGE!!
You are too injured to fight recklessly!
You make a move on Xom's chessboard...
The orc warrior resists with significant effort.
The orc warrior hits you with a +0 halberd!
* * * LOW HITPOINT WARNING * * *
You take 9 damage, and have 18/62 hp.
You feel better.
The orc warrior hits you with a +0 halberd!
You regained 2 hp, and now have 20/62 hp.
You feel very mighty all of a sudden.
The orc warrior hits you with a +0 halberd!
* * * LOW HITPOINT WARNING * * *
You take 13 damage, and have 7/62 hp.
MASSIVE DAMAGE!!
You hit the orc warrior.
The orc warrior is moderately wounded.
The orc warrior hits you with a +0 halberd!
You die...
Your body crumbles into a pile of gold.

###++###....#
.###......###.#
...#.####.....# .#.#.#
#####.# ##.#.# #)#.#
##.#.######.#.#
##'#.#......#.###########
.....#.####.#....<.......
..
.....#.###......@########
..#. ######...#..#..#o#
#.#. #..#.#..#....#####
#... #..#.#..#..........
#.. #..#.#..#..........
######..
#..#.#....#.#######
#....... #..#.#.##...#
#......>
########.......## #.
#....... ......$........#
#. #.......


You could see an orc warrior.

Vanquished Creatures
  2 water moccasins
  An orc warrior (D:6)
  2 ogres
  A centaur (D:4)
  A phantom (D:5)
  A water moccasin zombie (D:4)
  A wight (D:6)
  A howler monkey (D:5)
  A bullfrog zombie (D:4)
  Crazy Yiuf (D:5)
  A gnoll shaman (D:5)
  A hound (D:5)
  2 orc priests (D:4)
  A scorpion zombie (D:4)
  2 iguanas (D:5)
  An orc wizard (D:4)
  7 adders
  8 gnolls
  2 shadow imps
  A white imp (D:6)
  2 adder zombies (D:4)
  4 worms
  The ghost of croobank the Covert, a weakling GnDe (D:5)
  6 dart slugs
  11 orcs
  3 endoplasms
  5 giant cockroaches
  3 goblins (D:1)
  2 hobgoblins (D:2)
  4 jackals
  5 quokkas
  9 ball pythons
  5 bats
  A frilled lizard (D:2)
  7 kobolds
  3 rats
109 creatures vanquished.

Vanquished Creatures (others)
  2 fungi (D:1)
2 creatures vanquished.

Grand Total: 111 creatures vanquished

Notes
Turn   | Place    | Note
-------+----------+-------------------------------------------
     0 | D:1      | gimp the Formicid Wanderer began the quest for the Orb.
     0 | D:1      | gimp set off with the following items: a +0 shortbow, a
                  | piece from Xom's chessboard (15/15), a potion of curing, a
                  | +0 leather armour; and the following spell memorised:
                  | Apportation; and the following spells available to
                  | memorise: Lesser Beckoning, Iskenderun's Mystic Blast
     0 | D:1      | Reached XP level 1. HP: 13/13 MP: 3/3
   238 | D:1      | Reached skill level 1 in Fighting
   238 | D:1      | Reached skill level 1 in Maces & Flails
   238 | D:1      | Reached XP level 2. HP: 19/21 MP: 5/5
   359 | D:1      | Found a faded altar of an unknown god.
   625 | D:1      | Reached XP level 3. HP: 26/26 MP: 6/6
   735 | D:1      | Reached skill level 2 in Maces & Flails
  1706 | D:2      | Reached XP level 4. HP: 6/33 MP: 7/7
  2627 | D:3      | Reached skill level 3 in Maces & Flails
  3205 | D:3      | Reached XP level 5. HP: 7/39 MP: 8/8
  3918 | D:4      | Noticed a centaur
  3929 | D:4      | Killed a centaur
  3930 | D:4      | Reached skill level 4 in Maces & Flails
  3931 | D:4      | Reached XP level 6. HP: 16/47 MP: 9/9
  4223 | D:4      | Found a runed translucent door.
  4227 | D:4      | Noticed dolemite99's ghost (amateur GnCK)
  4772 | D:4      | Reached skill level 5 in Maces & Flails
  4836 | D:4      | Found a basalt altar of Yredelemnul.
  4863 | D:4      | Reached XP level 7. HP: 40/54 MP: 10/10
  5172 | D:5      | Entered Level 5 of the Dungeon
  5242 | D:5      | Found a runed translucent door.
  5247 | D:5      | Noticed croobank's ghost (weakling GnDe)
  5307 | D:5      | Reached skill level 6 in Maces & Flails
  5685 | D:5      | Found a glowing drain.
  5705 | Sewer    | Entered a sewer
  5781 | Sewer    | Noticed a water moccasin
  5792 | Sewer    | Killed a water moccasin
  6025 | D:5      | Found a staircase to the Ecumenical Temple.
  6027 | D:5      | Identified the +8 falchion of Honour {vamp, Will+ MP+9}
  6036 | Temple   | Entered the Ecumenical Temple
  6040 | Temple   | Became a worshipper of Gozag Ym Sagoz the Greedy
  6063 | D:5      | Reached skill level 5 in Fighting
  6063 | D:5      | Reached XP level 8. HP: 48/62 MP: 11/11
  6181 | D:5      | Reached skill level 7 in Maces & Flails
  6543 | D:5      | Found a runed translucent door.
  6544 | D:5      | Noticed Crazy Yiuf
  6554 | D:5      | Killed Crazy Yiuf
  6963 | D:5      | Killed croobank's ghost
  7192 | D:6      | Reached skill level 1 in Shields
  7368 | D:6      | Reached skill level 8 in Maces & Flails
  7717 | D:6      | Mangled by an orc warrior

Illustrated notes

Levels and vault maps discovered:
D:1:      amcnicky_arrival_gap_in_the_tavern_cellar, layout_loops_corners,
          dreamdust_ecumenical_altar_grove, chequers_serial_rivers_micro_c
D:2:      layout_basic
D:3:      layout_loops_ring
D:4:      layout_basic, nicolae_yredelemnul_corpse_copse, ebering_ghost_sewer_d
D:5:      layout_gridville, minmay_temple_entry_slanted,
          hellmonk_ghost_happy_afterlife, gup_sewer_entry_spiral, minivault_4,
          uniq_crazy_yiuf_cottage
D:6:      minmay_recursive_quarters, layout_basic, chequers_ossuary_entry_cave,
          kennysheep_generic_room_12
Temple:   nicolae_temple_the_god_donut

Skill      XL: |  1  2  3  4  5  6  7  8 |
---------------+-------------------------+-----
Fighting       | 1 2 3 4 5 |  5.0
Maces & Flails | 1 2 3 4 5 6 8 |  8.5
Shields        | 3 |  3.0
Bows           | |  2.4
Spellcasting   | |  2.1
Translocations | |  3.6
Evocations     | |  1.1

Action                   |  1- 3 |  4- 6 |  7- 9 || total
-------------------------+-------+-------+-------++-------
Melee: Mace              |    59 |    53 |       ||   112
       Punch             |       |     1 |     2 ||     3
       Flail             |       |    28 |   194 ||   222
 Fire: Shortbow          |    76 |    89 |    19 ||   184
 Abil: Dig               |     1 |     1 |     7 ||     9
Evoke: Wand              |       |     2 |     6 ||     8
       Piece from Xom's  |       |       |     3 ||     3
  Use: Potion            |       |     3 |     6 ||     9
       Scroll            |       |       |     9 ||     9
 Stab: Paralysed         |       |     4 |     5 ||     9
       Invisible         |       |       |     1 ||     1
Armor: Leather armour    |     5 |       |       ||     5
       Ring mail         |    32 |    40 |    55 ||   127
       Skin              |       |    10 |     6 ||    16
Dodge: Dodged            |    72 |    53 |    92 ||   217

Table legend: (Time is in decaauts)
 A = Elapsed time spent in this place.
 B = Non-inter-level travel time spent in this place.
 C = Inter-level travel time spent in this place.
 D = Time resting spent in this place.
 E = Time spent auto-exploring this place.
 F = Levels seen in this place.
 G = Mean time per level.
                   A        B        C        D        E       F      G
               +--------+--------+--------+--------+--------+-----+--------+
         Total |   7858 |   7646 |    212 |    667 |   5322 |   8 |  982.2 |
       Dungeon |   7587 |   7378 |    209 |    630 |   5147 |   6 | 1264.5 |
        Temple |      8 |      5 |      3 |      0 |      0 |   1 |    8.0 |
         Sewer |    262 |    262 |      0 |     37 |    175 |   1 |  262.0 |
               +--------+--------+--------+--------+--------+-----+--------+

Top non-repeatable levels by time:
     D:5: 1615 daAuts
     D:4: 1615 daAuts
     D:2: 1342 daAuts
     D:3: 1301 daAuts
     D:1: 1292 daAuts
     D:6: 419 daAuts
   Sewer: 262 daAuts
  Temple: 8 daAuts
